 Dungeon Crawl Stone Soup version 0.31-a0-1008-g5b978dac0e (webtiles) character file.

Game seed: 11472014191734439672

32842 Ge0ff the Marksant (level 14, -11/95 HPs)
             Began as a Formicid Necromancer on Nov 12, 2023.
             Was an Initiate of Gozag.
             Mangled by a slime creature (18 damage)
             ... in a Gauntlet.
             The game lasted 00:42:44 (17309 turns).

Ge0ff the Marksant (Formicid Necromancer)          Turns: 17309, Time: 00:42:45

Health: -11/95     AC:  2    Str: 13    XL:     14   Next: 4%
Magic:  20/23      EV: 18    Int: 20    God:    Gozag
Gold:   1799       SH:  0    Dex: 14    Spells: 16/26 levels left

rFire   + + .        a - +2 longbow (flame)
rCold   + + .        (no shield)
rNeg    . . .        u - +1 robe {rC+ rF+}
rPois   +            (helmet unavailable)
rElec   +            w - +0 cloak
rCorr   +            e - +0 pair of gloves
SInv    +            l - +0 pair of boots
Will    ++...        I - amulet of regeneration
Stlth   ++           B - ring of willpower {=R}
HPRegen 1.15/turn    c - +5 ring of evasion
MPRegen 0.18/turn

%: no passive effects
@: resistant, corroded, gold aura, invisible
A: permanent stasis, dig shafts and tunnels, antennae 3, four strong arms
a: Dig, Renounce Religion, Potion Petition, Call Merchant, Bribe Branch


You were in a Gauntlet.
You worshipped Gozag.
Gozag was most pleased with you.
You visited 2 branches of the dungeon, and saw 13 of its levels.
You also visited: Sewer, Ossuary and Gauntlet.

You collected 3199 gold pieces.
You spent 205 gold pieces at shops.
You paid 1195 gold pieces to Gozag.

Inventory:

Hand Weapons
 a - a +2 longbow of flaming (weapon)
 n - a +2 rapier of electrocution
 p - a +3 dagger
 r - a +3 trident of draining
 D - a +0 vampiric rapier
Missiles
 g - a throwing net {=F}
 h - 4 silver javelins
 v - 11 curare-tipped darts {=F}
 J - 47 poisoned darts
 Q - 123 stones
 T - 4 javelins
Armour
 e - a +0 pair of gloves (worn)
 j - a +0 leather armour of cold resistance
 k - a scarf of shadows
 l - a +0 pair of boots (worn)
 t - a +0 leather armour
 u - a +1 robe of resistance (worn)
 w - a +0 cloak (worn)
 x - a +1 scale mail of cold resistance
 H - an orb of guile
 P - a +0 chain mail
Magical Staves
 y - the staff of Elyvilon, Hurting {rN+ Int+2 Dex-3 Stlth+ Necro}
   (You took it off a vampire on level 11 of the Dungeon)

   [staff of death]

   Base accuracy: +5 Base damage: 5 Base attack delay: 1.2 This weapon's minimum
   attack delay (0.6) is reached at skill level 12.
   Int+2:     It affects your intelligence (+2).
   Dex-3:     It affects your dexterity (-3).
   rN+:       It protects you from negative energy.
   Stlth+:    It makes you more stealthy.
   Necro:     It increases the power of your Necromancy spells.
   It falls into the 'Staves' category.
   It is a weapon for one hand-pair.
Jewellery
 b - an amulet of guardian spirit
 c - a +5 ring of evasion (right hand)
 B - a ring of willpower (left hand) {=R}
 G - a ring of fire
 I - an amulet of regeneration (around neck)
Wands
 d - a wand of digging (10)
 f - a wand of flame (5)
Scrolls
 i - a scroll of identify
 m - a scroll of revelation
 s - a scroll of brand weapon
 C - 2 scrolls of poison
 E - 2 scrolls of fear
 F - a scroll of fog
 S - 3 scrolls of butterflies
 V - a scroll of vulnerability
 Y - 2 scrolls of enchant armour
Potions
 o - 2 potions of ambrosia
 q - 2 potions of curing
 z - a potion of brilliance
 A - a potion of attraction
 K - 2 potions of magic {!q}
 L - a potion of lignification
 M - 3 potions of might
 N - 2 potions of cancellation {!q}
 R - a potion of resistance
 W - a potion of heal wounds {!q}
 X - a potion of enlightenment
 Z - 3 potions of berserk rage {!q}
Miscellaneous
 O - a box of beasts
 U - a phantom mirror (inert)


   Skills:
 + Level 4.1 Fighting
 + Level 17.4 Ranged Weapons
 - Level 2.0 Throwing
 - Level 3.0 Dodging
 - Level 2.4 Stealth
 + Level 6.5 Spellcasting
 + Level 2.0 Conjurations
 - Level 7.0 Summonings
 - Level 8.4 Necromancy
 - Level 5.0 Air Magic
 + Level 3.2 Poison Magic


You had 16 spell levels left.
You knew the following spells:

 Your Spells              Type           Power      Damage    Failure   Level
f - Mephitic Cloud        Conj/Pois/Air  20%        N/A       8%          3
s - Summon Lightning Spi  Summ/Air       30%        N/A       9%          4
C - Vampiric Draining     Necr           40%        2d8       1%          3

Your spell library contained the following spells:

 Spells                   Type           Power      Damage    Failure   Level
 Necrotise                Necr           100%       1d9       1%          1
 Call Imp                 Summ           68%        N/A       1%          2
 Static Discharge         Conj/Air       40%        3-5/arc   3%          2
 Magic Dart               Conj           56%        1d5       4%          1
 Searing Ray              Conj           28%        2d5       7%          2
 Agony                    Necr           40%        N/A       9%          5
 Freeze                   Ice            24%        1d4       10%         1
 Airstrike                Air            13%        2d(2-18)  13%         4
 Scorch                   Fire           12%        2d5       16%         2
 Dazzling Flash           Conj/Hex       20%        N/A       21%         3
 Hailstorm                Conj/Ice       10%        3d5       21%         3
 Frozen Ramparts          Ice            12%        1d2       30%         3
 Volatile Blastmotes      Fire/Tloc      12%        2d11      30%         3
 Flame Wave               Conj/Fire      10%        2d6       54%         4
 Fulminant Prism          Conj/Hex       5%         3d7       54%         4
 Arcjolt                  Conj/Air       10%        1d20      54%         5
 Summon Cactus Giant      Summ           17%        N/A       65%         6
 Leda's Liquefaction      Hex/Erth       3%         N/A       69%         4
 Silence                  Hex/Air        8%         N/A       69%         5
 Lee's Rapid Deconstruct  Erth           3%         3d5*      95%         5
 Plasma Beam              Fire/Air       8%         2x1d18    99%         6
 Bombard                  Conj/Erth      5%         9d2       100%        6
 Starburst                Conj/Fire      5%         6d4       100%        6
 Malign Gateway           Summ/Tloc      10%        N/A       100%        7
 Maxwell's Capacitive Co  Air            13%        ∞         100%        8
 Summon Horrible Things   Summ           17%        N/A       100%        8
 Animate Dead             Necr           Unusable   N/A       N/A         4
 Vhi's Electric Charge    Tloc/Air       Unusable   N/A       N/A         4

Dungeon Overview and Level Annotations

Branches:
Dungeon (11/15) Zot: 24227  Temple (0/1) D:7            Lair (2/5) D:10 Zot: 10993
  Swamp (0/4) Lair:2       Spider (0/4) Lair:2          Orc (0/2) D:10
  Sewer (visited)         Ossuary (visited)         Gauntlet (1/1) Zot: 5660

Altars:
Elyvilon
Gozag
Hepliaklqana
Makhleb
Sif Muna
Trog
Uskayaw
Vehumet
Xom

Shops:
D:4 :[   D:6 [   D:10 *

Annotations:
D:7 4 runed translucent doors (ice trap - gold) Gauntlet 11 transporters, exclusion: obsidian statue


Innate Abilities, Weirdness & Mutations

You cannot be hasted, slowed, berserked, paralysed or teleported.
You can dig through walls and to a lower floor.
You have a pair of large antennae on your head. (SInv)
Your four strong arms can wield two-handed weapons with a shield.


Message History

You are too injured to fight recklessly!
You are too injured to fight recklessly!
Fire: a) +2 longbow (flame)
Press: ? - help, Q - select action, (/) - cycle Shift-Dir - straight line, f/p - slime creature
Aim: a slime creature (almost dead, ally target, 86% to hit)
You shoot an arrow. The hell hound barks!
The arrow hits the slime creature but does no damage.
The slime creature is almost dead.
The jelly closely misses you. The slime creature hits you!
The slime creature barely misses you.
Fire: a) +2 longbow (flame)
Press: ? - help, Q - select action, (/) - cycle Shift-Dir - straight line, f - jelly, p - slime creature
Aim: a jelly (91% to hit)
You shoot an arrow. The arrow hits the jelly!
The arrow burns the jelly.
The jelly is severely wounded.
The jelly misses you. The slime creature barely misses you.
Fire: a) +2 longbow (flame)
Press: ? - help, Q - select action, (/) - cycle Shift-Dir - straight line, f/p - jelly
Aim: a jelly (severely wounded, 91% to hit)
You shoot an arrow. The arrow hits the jelly.
The arrow burns the jelly.
The jelly is almost dead.
The slime creature hits you!
* * * LOW HITPOINT WARNING * * *
Fire: a) +2 longbow (flame)
Press: ? - help, Q - select action, (/) - cycle Shift-Dir - straight line, f/p - jelly
Aim: a jelly (almost dead, 91% to hit)
You shoot an arrow. The arrow hits the jelly!!
The arrow burns the jelly.
You kill the jelly!
The slime creature closely misses you. The slime creature misses you.
Fire: a) +2 longbow (flame)
Press: ? - help, Q - select action, (/) - cycle Shift-Dir - straight line, f - slime creature
Aim: a slime creature (almost dead, ally target, 86% to hit)
You shoot an arrow. The arrow hits the slime creature.
The arrow burns the slime creature.
The slime creature is almost dead.
The slime creature hits you.
* * * LOW HITPOINT WARNING * * *
The slime creature hits you!!
* * * LOW HITPOINT WARNING * * *
Use which ability? (? or * to list) [a] - 442 gold - enlightenment, brilliance and magic [b] - 504 gold - resistance and invisibility [c] - 240 gold - might and brilliance Purchase which effect?
You feel protected.
You fade into invisibility!
The hell hound barks!
The slime creature hits you!!
You die...
Your body crumbles into a pile of gold.

..#hb.##..#..P#≈#≈#.#.#.#.#.#.#.∩
..###...#.#...PPPP..#.##.#.#.##..
..#".#..#h###...♣...#.#########..
P.#©}#©#.b#©#.......#.#.........≈
♣.#h#..#.h#.#########.#.♣..P♣..##
P.#h#t..###.#...#...#.#.P.PP..≈#
..#bb##...#.#?#.#8#.#.#.PP♣..≈≈#
..#########.#[#J#J#.#.#.P...####
♣.........#©#©##@##.#©#.♣..≈#
P.#########.#.#$#.#.###...≈≈#
..#......Y#.#.#.#.#.#....####
..#)...#..#.#...#...#...≈#
♣.#!..###.#.#########..≈≈#
..#©Y#©#..#©#.........####
..#.###...###.♣P♣P♣..≈#
P.#=.#...Y#...P..P..≈≈#
♣.#.....YY#.♣..P...####


You could see an elephant (unable to see you), 2 slime creatures, 2 hell hounds,
a fire bat and a friendly lightning spire (summoned).

Vanquished Creatures
  A frost giant (D:11)
  An ogre mage (D:11)
  A hydra (D:11)
  A centaur warrior (D:11)
  4 boulder beetles
  3 two-headed ogres (D:11)
  A deep troll earth mage (D:11)
  The ghost of bmj180 the Conjurer, a novice HuCj (D:6)
  2 ugly things (D:11)
  A manticore (D:11)
  3 elephants (Lair:1)
  A black mamba (Lair:1)
  A smoke demon (Gauntlet)
  A torpor snail (Lair:2)
  A rime drake (D:10)
  4 cane toads
  A gargoyle (D:10)
  Jeremiah (D:6)
  An unseen horror (D:11)
  3 hornets
  5 trolls (D:11)
  Grinder (D:3)
  2 shadows (D:11)
  11 yaks
  A vampire (D:11)
  A wraith (D:10)
  2 wyverns
  2 basilisks (Lair:2)
  3 vampire mosquitoes (D:11)
  2 steam dragons
  2 acid dragons
  2 water moccasins (Lair:1)
  5 orc warriors
  2 sky beasts
  5 ice beasts
  4 black bears
  2 ogres
  9 wolves
  2 centaurs
  2 kobold brigands
  2 elf zombies (Ossuary)
  A gnoll sergeant (D:9)
  3 scorpions
  2 bullfrogs
  A wight (D:6)
  4 killer bees
  3 howler monkeys (D:7)
  3 electric eels
  4 crimson imps (Gauntlet)
  2 human zombies (Ossuary)
  2 hounds (D:7)
  A centaur zombie (Ossuary)
  3 jellies
  2 orc priests
  2 sleepcaps
  2 gnoll boudas (D:5)
  6 orc wizards
  3 iguanas
  A killer bee simulacrum (D:9)
  2 mummies (Ossuary)
  8 adders
  14 gnolls
  A shadow imp (D:7)
  6 white imps
  2 ufetubi (D:7)
  3 worms
  2 dart slugs (D:1)
  22 orcs
  6 ball pythons
  6 endoplasms
  6 giant cockroaches
  5 goblins
  3 hobgoblins (D:2)
  3 quokkas
  5 bats
  8 frilled lizards
  2 goblin zombies (Ossuary)
  8 hobgoblin zombies (Ossuary)
  A jackal zombie (Ossuary)
  26 kobolds
  13 kobold zombies (Ossuary)
  6 orc zombies (Ossuary)
  5 rats
  2 rat zombies (Ossuary)
  A butterfly (D:6)
311 creatures vanquished.

Vanquished Creatures (collateral kills)
  A two-headed ogre (D:10)
  2 boulder beetles (D:11)
  A death yak (D:9)
  A harpy (D:11)
  2 ugly things (D:11)
  2 manticores
  An elephant (Lair:1)
  A cane toad (Lair:1)
  A wraith (D:11)
  9 yaks
  A basilisk (D:11)
  A steam dragon (D:9)
  Eustachio (D:6)
  6 water moccasins
  3 orc warriors
  3 ice beasts
  A black bear (D:6)
  A wolf (Lair:1)
  2 phantoms
  2 kobold brigands
  4 bullfrogs
  3 wights (D:6)
  4 killer bees (D:8)
  2 howler monkeys
  4 orc priests
  3 orc wizards
  4 gnolls
  2 adders (D:6)
  A shadow imp (D:6)
  A white imp (D:6)
  A howler monkey simulacrum (D:9)
  2 ufetubi (D:7)
  18 orcs
  3 kobolds (D:10)
94 creatures vanquished.

Vanquished Creatures (others)
  2 orcs (D:7)
2 creatures vanquished.

Grand Total: 407 creatures vanquished

Notes
Turn   | Place    | Note
-------+----------+-------------------------------------------
     0 | D:1      | Ge0ff the Formicid Necromancer began the quest for the Orb.
     0 | D:1      | Reached XP level 1. HP: 13/13 MP: 3/3
   239 | D:1      | Reached XP level 2. HP: 20/20 MP: 0/5
   317 | D:1      | Reached skill level 1 in Fighting
   962 | D:2      | Reached XP level 3. HP: 26/26 MP: 5/7
  1464 | D:2      | Reached XP level 4. HP: 32/32 MP: 4/8
  1688 | D:3      | Noticed Grinder
  1691 | D:3      | Killed Grinder
  1692 | D:3      | Reached XP level 5. HP: 37/37 MP: 7/11
  1692 | D:3      | Reached XP level 6. HP: 43/43 MP: 7/12
  1807 | D:3      | Found a radiant altar of Vehumet.
  1987 | D:3      | Found a glowing drain.
  2002 | D:3      | Reached XP level 7. HP: 35/48 MP: 13/13
  2057 | Sewer    | Entered a sewer
  2179 | Sewer    | Learned a level 3 spell: Vampiric Draining
  3387 | D:4      | Found Udghuc's Book Shop.
  3418 | D:4      | Found Hopsausu's Armour Emporium.
  3958 | D:4      | Reached XP level 8. HP: 56/56 MP: 9/14
  4253 | D:4      | Found a burning altar of Makhleb.
  4253 | D:4      | Found a hide-covered altar of Uskayaw.
  4254 | D:4      | Found a shimmering altar of Xom.
  4285 | D:5      | Entered Level 5 of the Dungeon
  4285 | D:5      | Found a sand-covered staircase.
  4295 | Ossuary  | Entered an ossuary
  4418 | Ossuary  | Learned a level 4 spell: Summon Lightning Spire
  4593 | Ossuary  | Reached skill level 1 in Summonings
  4602 | Ossuary  | Reached skill level 1 in Air Magic
  5227 | D:5      | Found an opulent altar of Gozag.
  5293 | D:5      | Became a worshipper of Gozag Ym Sagoz the Greedy
  6210 | D:5      | Reached XP level 9. HP: 59/61 MP: 9/15
  6968 | D:5      | Reached skill level 5 in Spellcasting
  7363 | D:6      | Identified the of Amanweom
  7380 | D:6      | Reached skill level 1 in Ranged Weapons
  7380 | D:6      | Reached skill level 5 in Summonings
  7413 | D:6      | Reached skill level 2 in Ranged Weapons
  7493 | D:6      | Found Jolouroy's Armour Shop.
  7530 | D:6      | Reached skill level 3 in Ranged Weapons
  7568 | D:6      | Noticed bmj180's ghost (novice HuCj)
  7569 | D:6      | Found a runed translucent gate.
  7660 | D:6      | Found a white marble altar of Elyvilon.
  7701 | D:6      | Found a runed translucent gate.
  7701 | D:6      | Found a runed translucent gate.
  7766 | D:6      | Reached skill level 4 in Ranged Weapons
  7766 | D:6      | Reached XP level 10. HP: 67/67 MP: 13/17
  7831 | D:6      | Noticed Jeremiah
  7838 | D:6      | Killed Jeremiah
  7856 | D:6      | Noticed Eustachio
  7864 | D:6      | Killed Eustachio
  7974 | D:6      | Found a shimmering blue altar of Sif Muna.
  8042 | D:6      | Found a bloodstained altar of Trog.
  8189 | D:6      | Killed bmj180's ghost
  8190 | D:6      | Reached skill level 5 in Ranged Weapons
  8190 | D:6      | Reached skill level 5 in Air Magic
  8437 | D:7      | Reached skill level 6 in Ranged Weapons
  8533 | D:7      | Found a staircase to the Ecumenical Temple.
  8726 | D:7      | Noticed a manticore
  8736 | D:7      | Killed a manticore
  9202 | D:7      | Found a large runed translucent door.
  9202 | D:7      | Found a large runed translucent door.
  9226 | D:7      | Found a large runed translucent door.
  9226 | D:7      | Found a large runed translucent door.
  9226 | D:7      | Identified the +3 falchion of Cynkunlo {freeze, Str+3}
  9227 | D:7      | Noticed a skeletal warrior
  9227 | D:7      | Noticed an unseen horror
  9429 | D:7      | Reached skill level 7 in Ranged Weapons
 10435 | D:8      | Reached XP level 11. HP: 75/75 MP: 20/20
 10438 | D:8      | Reached skill level 8 in Ranged Weapons
 10645 | D:8      | Noticed a boulder beetle
 10659 | D:8      | Killed a boulder beetle
 10660 | D:8      | Reached skill level 9 in Ranged Weapons
 11065 | D:8      | Found a hazy altar of Hepliaklqana.
 11161 | D:8      | Reached skill level 10 in Ranged Weapons
 11570 | D:9      | Noticed a death yak
 11612 | D:9      | Killed a death yak
 11663 | D:9      | Reached skill level 11 in Ranged Weapons
 12292 | D:10     | Entered Level 10 of the Dungeon
 12486 | D:10     | Found a staircase to the Orcish Mines.
 12565 | D:10     | Noticed a two-headed ogre
 12570 | D:10     | Killed a two-headed ogre
 12574 | D:10     | Reached skill level 12 in Ranged Weapons
 12628 | D:10     | Reached XP level 12. HP: 74/81 MP: 17/21
 12718 | D:10     | Found a staircase to the Lair.
 12729 | D:10     | Noticed a boulder beetle
 12765 | D:10     | Killed a boulder beetle
 13114 | D:10     | Found Icynoale's Serpentskin Sales.
 13122 | D:10     | Reached skill level 13 in Ranged Weapons
 13144 | D:10     | Bought 2 curare-tipped darts for 28 gold pieces
 13144 | D:10     | Bought 5 curare-tipped darts for 72 gold pieces
 13144 | D:10     | Bought 4 curare-tipped darts for 57 gold pieces
 13144 | D:10     | Bought a scroll of poison for 48 gold pieces
 13354 | D:11     | Noticed a boulder beetle
 13378 | D:11     | Killed a boulder beetle
 13603 | D:11     | Reached skill level 14 in Ranged Weapons
 13714 | D:11     | Noticed a frost giant
 13737 | D:11     | Killed a frost giant
 13912 | D:11     | Reached skill level 1 in Throwing
 14124 | D:11     | Noticed a two-headed ogre
 14134 | D:11     | Noticed an ogre mage
 14139 | D:11     | Killed an ogre mage
 14141 | D:11     | Identified the staff of Elyvilon, Hurting {rN+ Int+2 Dex-3
                  | Stlth+ Necro}
 14143 | D:11     | Reached skill level 15 in Ranged Weapons
 14146 | D:11     | Reached XP level 13. HP: 76/86 MP: 12/22
 14312 | D:11     | Reached skill level 16 in Ranged Weapons
 14769 | D:11     | Noticed a centaur warrior
 14775 | D:11     | Killed a centaur warrior
 14906 | D:11     | Reached skill level 17 in Ranged Weapons
 14992 | D:11     | Noticed a seven-headed hydra
 14995 | D:11     | Killed a seven-headed hydra
 15825 | D:11     | Learned a level 3 spell: Mephitic Cloud
 15870 | Lair:1   | Entered Level 1 of the Lair of Beasts
 15967 | Lair:1   | Reached skill level 1 in Poison Magic
 16397 | Lair:1   | Reached skill level 1 in Conjurations
 16844 | Gauntlet | Identified the of Nesipt
 16922 | Lair:2   | Reached XP level 14. HP: 30/95 MP: 23/23
 16955 | Lair:2   | Found a gate leading to a gauntlet.
 16964 | Gauntlet | Entered a Gauntlet
 16964 | Gauntlet | Found a transporter.
 16988 | Gauntlet | Found a transporter.
 16989 | Gauntlet | Found a transporter.
 17000 | Gauntlet | Found a transporter.
 17003 | Gauntlet | Found a transporter.
 17007 | Gauntlet | Noticed a dire elephant
 17013 | Gauntlet | Found a transporter.
 17026 | Gauntlet | Found a transporter.
 17037 | Gauntlet | Found a transporter.
 17051 | Gauntlet | Found a transporter.
 17063 | Gauntlet | Found a transporter.
 17077 | Gauntlet | Found a transporter.
 17077 | Gauntlet | Found a transporter.
 17119 | Gauntlet | Found a transporter.
 17134 | Gauntlet | Found a transporter.
 17309 | Gauntlet | Mangled by a slime creature

Illustrated notes

Levels and vault maps discovered:
D:1:      minmay_arrival_up_and_down, layout_basic
D:2:      layout_basic, minmay_heptomino_l4
D:3:      layout_loops_cross, overflow_temple_1_default, gup_sewer_entry_glass,
          uniq_grinder
D:4:      layout_basic, gammafunk_temple_overflow_claw, serial_shops,
          nicolae_diamond_shop, kennysheep_mini, kennysheep_small_spiral,
          dk_vineyard_1
D:5:      layout_basic, grunt_gozag_statues, nicolae_ossuary_entry_ruins,
          kb_lookout_dungeons_type
D:6:      layout_cave_pools, nicolae_elyvilon_peaceful_grove, trog_book,
          kennysheep_mini_moat, gammafunk_ghost_split, serial_shops, shop,
          uniq_jeremiah, uniq_eustachio
D:7:      lemuel_ice_spiral_2, layout_basic, minmay_temple_entry_proselytizer,
          minmay_hollow_rounded_squares
D:8:      layout_gridville, lemuel_crystal_altar
D:9:      layout_cave_pools, serial_ice, serial_ice_c, serial_ice_k,
          serial_ice_g, serial_ice_e, serial_ice_f, serial_ice_b
D:10:     layout_cave_pools, hellmonk_lair_entry_icy, guppyfry_shop_venom
D:11:     nzn_winding_woodlands_large [nzn_winding_woodlands_5x5_open_star,
          nzn_winding_woodlands_5x15_jagged,
          nzn_winding_woodlands_5x5_perimeter,
          nzn_winding_woodlands_center_garden,
          nzn_winding_woodlands_15x15_eel_pit,
          nzn_winding_woodlands_center_lodge,
          nzn_winding_woodlands_5x5_closed_star,
          nzn_winding_woodlands_5x15_sidewinder,
          nzn_winding_woodlands_5x5_default], layout_irregular_city
Lair:1:   layout_gridlike, minivault_19
Lair:2:   layout_chaotic_city, nicolae_swamp_entry_spooky,
          spider_nest_entry_rubble, gauntlet_entry_generic,
          infiniplex_staircase_pool, uniq_urug
Gauntlet: minmay_gauntlet_77_tree [minmay_gauntlet_arena_77_checkered,
          minmay_gauntlet_arena_77_mirror, minmay_gauntlet_arena_77_two_paths,
          minmay_gauntlet_arena_77_radiant_squares,
          minmay_gauntlet_arena_77_terracotta_army,
          minmay_gauntlet_arena_77_squiggly,
          minmay_gauntlet_arena_77_double_cross,
          dreamdust_gauntlet_exit_labyrinth]

Skill      XL: |  1  2  3  4  5  6  7  8  9 10 11 12 13 14 |
---------------+-------------------------------------------+-----
Fighting       | 1 2 3 4 |  4.1
Spellcasting   | 3 4 5 6 |  6.5
Necromancy     | 6 8 |  8.4
Summonings     | 3 6 7 |  7.0
Air Magic      | 3 4 5 |  5.0
Ranged Weapons | 4 7 12 15 17 | 17.4
Throwing       | 2 |  2.0
Dodging        | 2 3 |  3.0
Poison Magic   | 2 3 |  3.2
Conjurations   | 1 2 |  2.0
Stealth        | |  2.4

Action                     |  1- 3 |  4- 6 |  7- 9 | 10-12 | 13-15 || total
---------------------------+-------+-------+-------+-------+-------++-------
  Melee: Unarmed           |     3 |       |       |       |       ||     3
         Punch             |     1 |       |     1 |       |       ||     2
         Dagger            |     3 |    21 |   244 |       |       ||   268
         Falchion          |       |       |    22 |       |       ||    22
   Fire: Longbow           |       |       |    50 |   423 |   255 ||   728
  Throw: Javelin           |       |     1 |       |       |       ||     1
         Dart              |       |       |       |     4 |    10 ||    14
         Throwing net      |       |       |       |     1 |       ||     1
   Cast: Necrotise         |    48 |    42 |   172 |       |       ||   262
         Vampiric Draining |       |       |    11 |       |       ||    11
         Summon Lightning  |       |       |     9 |    74 |    32 ||   115
 Invoke: Potion Petition   |       |       |       |     1 |     2 ||     3
Ability: Dig               |       |       |       |     1 |       ||     1
  Evoke: Phantom mirror    |       |       |       |     1 |     2 ||     3
    Use: Scroll            |       |     3 |    11 |    11 |     3 ||    28
         Potion            |       |       |    11 |     1 |       ||    12
   Stab: Sleeping          |     1 |       |     1 |       |       ||     2
         Invisible         |       |       |     3 |       |       ||     3
 Armour: Robe              |    10 |    23 |   169 |   137 |    76 ||   415
         Skin              |       |       |     2 |       |       ||     2
  Dodge: Dodged            |     8 |    23 |   156 |   105 |   109 ||   401

Table legend: (Time is in decaauts)
 A = Elapsed time spent in this place.
 B = Non-inter-level travel time spent in this place.
 C = Inter-level travel time spent in this place.
 D = Time resting spent in this place.
 E = Time spent auto-exploring this place.
 F = Levels seen in this place.
 G = Mean time per level.
                   A        B        C        D        E       F      G
               +--------+--------+--------+--------+--------+-----+--------+
         Total |  17423 |  16534 |    889 |    946 |  11736 |  16 | 1088.9 |
       Dungeon |  14637 |  13769 |    868 |    928 |   9916 |  11 | 1330.6 |
          Lair |   1006 |    985 |     21 |      0 |    729 |   2 |  503.0 |
         Sewer |    539 |    539 |      0 |     18 |    362 |   1 |  539.0 |
       Ossuary |    901 |    901 |      0 |      0 |    480 |   1 |  901.0 |
      Gauntlet |    338 |    338 |      0 |      0 |    248 |   1 |  338.0 |
               +--------+--------+--------+--------+--------+-----+--------+

Top non-repeatable levels by time:
    D:11: 2554 daAuts
     D:7: 2004 daAuts
     D:5: 1992 daAuts
     D:4: 1274 daAuts
     D:6: 1114 daAuts
    D:10: 1045 daAuts
     D:8: 991 daAuts
     D:9: 975 daAuts
     D:1: 912 daAuts
     D:3: 907 daAuts
 Ossuary: 901 daAuts
  Lair:1: 892 daAuts
     D:2: 864 daAuts
   Sewer: 539 daAuts
Gauntlet: 338 daAuts
